 Dungeon Crawl Stone Soup version 0.31-a0-4-gefa6de2 (webtiles) character file.

Game seed: 4961788150925935377

10152 imblu the Basher (level 11, -10/82 HPs)
             Began as a Demigod Earth Elementalist on May 4, 2023.
             Mangled by a troll simulacrum (14 damage)
             ... on level 1 of the Orcish Mines.
             The game lasted 00:50:07 (9855 turns).

imblu the Basher (Demigod Earth Elementalist)       Turns: 9855, Time: 00:50:07

Health: -10/82     AC:  5    Str: 17      XL:     11   Next: 11%
Magic:  6/19       EV: 20    Int: 28      God:
Gold:   1536       SH:  8    Dex: 13 (14) Spells: 0/16 levels left

rFire   . . .        d - +2 whip (drain)
rCold   . . .        j - +0 kite shield
rNeg    . . .        U - +2 robe {rC+}
rPois   .            L - +0 hat
rElec   .            (no cloak)
rCorr   .            (no gloves)
SInv    +            F - +0 pair of boots of the Elven Halls {Will++}
Will    +++..        c - amulet of regeneration
Stlth   +++          k - ring of Divine Intervention {rC- EV+5 Int+7 SInv Stlth+}
HPRegen 1.13/turn    v - +5 ring of evasion
MPRegen 0.16/turn

%: no passive effects
@: invisible
A: high MP 1, forlorn, divine attributes, deterioration 1, noise suppression
a: no special abilities


You were on level 1 of the Orcish Mines.
You visited 3 branches of the dungeon, and saw 13 of its levels.
You also visited: Bailey.

You collected 1869 gold pieces.
You spent 333 gold pieces at shops.

Inventory:

Hand Weapons
 d - a +2 whip of draining (weapon)
 I - the +0 whip of Trog's Grace {antimagic, +Blink rF- rN+ Str+3}
   (You found it in a bailey)

   Str:       It affects your strength (+3).
   rF:        It makes you vulnerable to fire.
   rN:        It protects you from negative energy.
   +Blink:    It lets you blink.
Armour
 a - a +0 robe
 i - a +0 scale mail
 j - a +0 kite shield (worn)
 F - the +0 pair of boots of the Elven Halls (worn) {Will++}
   (You bought it in a shop on level 6 of the Dungeon)

   Will:      It greatly increases your willpower.
 L - a +0 hat (worn)
 U - a +2 robe of cold resistance (worn)
Jewellery
 c - an amulet of regeneration (around neck)
 k - the ring of Divine Intervention (left hand) {rC- EV+5 Int+7 SInv Stlth+}
   (You found it on level 3 of the Dungeon)

   [ring of evasion]

   EV:        It affects your evasion (+5).
   Int:       It affects your intelligence (+7).
   rC:        It makes you vulnerable to cold.
   SInv:      It lets you see invisible.
   Stlth:     It makes you more stealthy.
 v - a +5 ring of evasion (right hand)
 x - a ring of flight
 B - an amulet of guardian spirit
 G - a ring of protection from fire
 M - a ring of ice
 T - a ring of ice
 V - a ring of wizardry
Wands
 r - a wand of flame (7)
 N - a wand of charming (12)
 O - a wand of iceblast (12)
 Q - a wand of acid (9)
 R - a wand of polymorph (3)
Scrolls
 f - 3 scrolls of immolation
 g - a scroll of amnesia
 l - 4 scrolls of teleportation
 m - a scroll of poison {unknown}
 n - 2 scrolls of silence
 p - 2 scrolls of enchant armour
 s - 2 scrolls of noise {unknown}
 t - 2 scrolls of summoning {unknown}
 u - a scroll of brand weapon {unknown}
 w - a scroll of magic mapping {unknown}
 y - 2 scrolls of blinking {unknown}
 A - 2 scrolls of vulnerability {unknown}
 D - a scroll of fear {unknown}
 J - a scroll of acquirement {unknown}
 P - a scroll of fog {unknown}
Potions
 b - 2 potions of magic
 e - a potion of ambrosia
 q - 2 potions of lignification
 z - 2 potions of flight
 C - 5 potions of curing
 H - a potion of brilliance
 K - a potion of haste
 S - a potion of resistance
Miscellaneous
 E - a phantom mirror


   Skills:
 - Level 3.2 Fighting
 - Level 12.0 Maces & Flails
 - Level 2.4 Dodging
 - Level 2.0 Stealth
 - Level 2.1 Shields
 - Level 3.4 Spellcasting
 - Level 5.5 Transmutations
 + Level 8.3 Earth Magic


You couldn't memorise any spells.
You knew the following spells:

 Your Spells              Type           Power      Damage    Failure   Level
a - Sandblast             Erth           100%       2d20      1%          1
b - Stone Arrow           Conj/Erth      56%        3d10      12%         3
c - Petrify               Tmut/Erth      43%        N/A       13%         4
d - Beastly Appendage     Tmut           70%        N/A       2%          1
e - Wereblood             Tmut           35%        N/A       3%          2
f - Lee's Rapid Deconstr  Erth           25%        3d14*     21%         5

Your spell library contained the following spells:

 Spells                   Type           Power      Damage    Failure   Level
 Passwall                 Tmut/Erth      35%        N/A       1%          2
 Sting                    Tmut/Pois      80%        1d7       8%          1
 Spider Form              Tmut/Pois      20%        N/A       22%         3
 Poisonous Vapours        Pois/Air       8%         N/A       34%         2
 Static Discharge         Conj/Air       8%         2-3/arc   34%         2
 Blade Hands              Tmut           17%        N/A       54%         5
 Portal Projectile        Hex/Tloc       8%         N/A       56%         3
 Tukima's Dance           Hex            4%         N/A       56%         3
 Volatile Blastmotes      Fire/Tloc      8%         2d10      56%         3
 Airstrike                Air            2%         2d(1-17)  92%         4
 Fulminant Prism          Conj/Hex       2%         3d5       92%         4
 Iskenderun's Mystic Bla  Conj/Tloc      4%         2d3       92%         4
 Olgreb's Toxic Radiance  Pois           4%         N/A       92%         4
 Summon Lightning Spire   Summ/Air       4%         N/A       92%         4


Dungeon Overview and Level Annotations

Branches:
Dungeon (11/15)            Temple (0/1) D:6            Lair (1/5) D:8
    Orc (1/2) D:9          Bailey (visited)

Shops:
D:6 (*

Portals:
Ice
Cave: Orc:1

Annotations:
D:7 1 runed translucent door, alcopop's ghost, novice DjHs


Innate Abilities, Weirdness & Mutations

You have an increased reservoir of magic. (+10% MP)
You shall have no god before yourself.
Your divine heritage dramatically boosts your attributes as you level up.
Your body sometimes deteriorates upon taking damage.
You passively dampen the noise of your surroundings.


Message History

You hit the death yak simulacrum.
The death yak simulacrum is severely damaged.
You hit the death yak simulacrum.
The death yak simulacrum is severely damaged.
You hear the slow rumble of a very distant avalanche of rocks.
You hear the faint crackling of a melting archway.
The death yak simulacrum gores you! The death yak simulacrum freezes you!!!
Your body deteriorates!
You feel clumsy.
You hit the death yak simulacrum.
The death yak simulacrum is almost destroyed.
You whack the death yak simulacrum!
The death yak simulacrum vaporises!
You feel a bit better.
The wolf simulacrum completely misses you.
The wolf simulacrum bites you. The wolf simulacrum freezes you!
* * * LOW HITPOINT WARNING * * *
The wolf simulacrum misses you. The wolf simulacrum closely misses you.
You barely miss the wolf simulacrum.
Your primal bloodlust has ended.
The wolf simulacrum misses you. You block the wolf simulacrum's attack.
You hit the wolf simulacrum.
The wolf simulacrum is heavily damaged.
You block the wolf simulacrum's attack. x2
You feel much better. The wolf simulacrum bites you.
The wolf simulacrum freezes you! The wolf simulacrum barely misses you.
The troll simulacrum misses you. The troll simulacrum claws you!
The troll simulacrum freezes you!
* * * LOW HITPOINT WARNING * * *
The troll simulacrum misses you. The wolf simulacrum barely misses you.
The wolf simulacrum completely misses you.
Okay, then.
Okay, then.
You fade into invisibility!
The wolf simulacrum closely misses you. The wolf simulacrum barely misses you.
The troll simulacrum misses you. x2
The troll simulacrum closely misses you.
The troll simulacrum bites you!
* * * LOW HITPOINT WARNING * * *
The troll simulacrum freezes you!
You die...

### ....$ ##.##
...... #.$.#
....∩.. ###)##
##$.......
##$...####Z........
#.....#.#...#.....
##......Z.........
###.....Z.....#.
#.$.$.@......#o..
##.............oo
#.......#.#.....
##..#.####.......
#####.# .....o. ...
....... .#.........
#.........$ #
#.....$.


You could see 2 wolf simulacra and a troll simulacrum (unable to see you).

Vanquished Creatures
  Fannar (D:10)
  Joseph (D:10)
  A komodo dragon (D:9)
  A troll (D:10)
  2 hornets
  A shadow (D:9)
  10 yaks
  A death yak simulacrum (Orc:1)
  A steam dragon (D:8)
  2 wargs (D:8)
  2 water moccasins
  3 sky beasts
  8 orc warriors
  2 ice beasts (D:5)
  An ogre (Orc:1)
  3 centaurs
  A phantom (D:7)
  7 kobold brigands
  2 bullfrogs
  5 scorpions
  7 wights
  An elephant simulacrum (Orc:1)
  15 killer bees
  7 howler monkeys
  An electric eel (D:11)
  5 orc priests
  3 jellies
  5 hounds
  2 sleepcaps
  4 iguanas
  12 orc wizards
  A troll simulacrum (Orc:1)
  3 gnolls (D:2)
  2 naga simulacra (Orc:1)
  9 adders
  2 shadow imps
  2 ufetubi
  A worm (D:3)
  5 dart slugs
  35 orcs
  8 bats
  10 endoplasms
  5 giant cockroaches
  7 goblins
  10 hobgoblins
  5 jackals
  5 quokkas
  3 ball pythons
  7 frilled lizards
  27 kobolds
  10 rats
274 creatures vanquished.

Vanquished Creatures (collateral kills)
  Gastronok (D:8)
1 creature vanquished.

Vanquished Creatures (others)
  14 plants
14 creatures vanquished.

Grand Total: 289 creatures vanquished

Notes
Turn   | Place    | Note
-------+----------+-------------------------------------------
     0 | D:1      | imblu the Demigod Earth Elementalist began the quest for
                  | the Orb.
     0 | D:1      | Reached XP level 1. HP: 14/14 MP: 5/5
   126 | D:1      | Reached skill level 1 in Maces & Flails
   202 | D:1      | Reached XP level 2. HP: 20/20 MP: 7/7
   311 | D:1      | Reached skill level 2 in Maces & Flails
   874 | D:2      | Reached XP level 3. HP: 26/26 MP: 5/8
   915 | D:2      | Learned a level 3 spell: Stone Arrow
   952 | D:2      | Reached skill level 3 in Maces & Flails
  1174 | D:2      | Reached XP level 4. HP: 33/33 MP: 5/9
  1613 | D:2      | Reached skill level 4 in Maces & Flails
  2074 | D:3      | Identified the ring of Divine Intervention {rC- EV+5 Int+7
                  | SInv Stlth+}
  2110 | D:3      | Reached XP level 5. HP: 14/38 MP: 7/10
  2458 | D:3      | Reached skill level 5 in Maces & Flails
  3017 | D:4      | Reached XP level 6. HP: 45/45 MP: 9/11
  3045 | D:4      | Noticed a water moccasin
  3165 | D:4      | Killed a water moccasin
  3166 | D:4      | Reached skill level 6 in Maces & Flails
  4027 | D:5      | Entered Level 5 of the Dungeon
  4193 | D:5      | Reached skill level 7 in Maces & Flails
  4198 | D:5      | Reached XP level 7. HP: 50/50 MP: 8/12
  4594 | D:5      | Reached skill level 8 in Maces & Flails
  5132 | D:6      | Found Woenais's Antique Weapon Shop.
  5215 | D:6      | Found Tyryas's Assorted Antiques.
  5238 | D:6      | Bought a pair of encrusted boots for 275 gold pieces
  5238 | D:6      | Identified the +0 pair of boots of the Elven Halls {Will++}
                  | (You bought it in a shop on level 6 of the Dungeon)
  5238 | D:6      | Bought a scroll of identify for 58 gold pieces
  5275 | D:6      | Found a staircase to the Ecumenical Temple.
  5493 | D:6      | Reached skill level 9 in Maces & Flails
  5493 | D:6      | Reached XP level 8. HP: 57/57 MP: 11/13
  6044 | D:7      | Reached skill level 10 in Maces & Flails
  6116 | D:8      | Found a flagged portal.
  6130 | Bailey   | Entered a bailey
  6179 | Bailey   | Gained mutation: Your body sometimes deteriorates upon
                  | taking damage. [potion of mutation]
  6179 | Bailey   | Gained mutation: You passively dampen the noise of your
                  | surroundings. [potion of mutation]
  6260 | Bailey   | Reached skill level 11 in Maces & Flails
  6322 | Bailey   | Reached XP level 9. HP: 34/62 MP: 14/14
  6413 | Bailey   | Identified the +0 whip of Trog's Grace {antimagic, +Blink
                  | rF- rN+ Str+3}
  6433 | D:8      | Noticed Gastronok
  6494 | D:7      | Found a runed translucent door.
  6545 | D:7      | Reached skill level 12 in Maces & Flails
  6570 | D:7      | Noticed alcopop's ghost (novice DjHs)
  6590 | D:7      | Learned a level 3 spell: Stone Arrow
  6934 | D:8      | Learned a level 4 spell: Petrify
  6941 | D:8      | Learned a level 1 spell: Beastly Appendage
  7032 | D:8      | Killed Gastronok
  7203 | D:8      | Reached skill level 5 in Transmutations
  7269 | D:8      | Reached XP level 10. HP: 69/69 MP: 12/15
  7272 | D:8      | Learned a level 2 spell: Wereblood
  7287 | D:8      | Found a staircase to the Lair.
  7643 | D:8      | Reached skill level 5 in Earth Magic
  7701 | D:8      | Reached skill level 1 in Shields
  8622 | D:9      | Paralysed by a hornet for 3 turns
  8715 | D:9      | Found a staircase to the Orcish Mines.
  8846 | D:9      | Reached skill level 1 in Fighting
  8938 | D:10     | Entered Level 10 of the Dungeon
  8938 | D:10     | Noticed Joseph
  9117 | D:10     | Killed Joseph
  9214 | D:10     | Noticed Fannar
  9415 | D:10     | Killed Fannar
  9651 | D:10     | Reached XP level 11. HP: 75/82 MP: 19/19
  9678 | D:10     | Learned a level 5 spell: Lee's Rapid Deconstruction
  9730 | Lair:1   | Entered Level 1 of the Lair of Beasts
  9794 | Orc:1    | Entered Level 1 of the Orcish Mines
  9807 | Orc:1    | Found a frozen archway.
  9855 | Orc:1    | HP: 4/82 [troll simulacrum (11)]
  9855 | Orc:1    | Mangled by a troll simulacrum

Illustrated notes

Levels and vault maps discovered:
D:1:      dpeg_arrival_solitude, layout_loops_cross
D:2:      layout_rooms, basic_altar, serial_co_window_serial,
          co_window_of_opportunity_a, co_window_corner_a, co_window_corner_a,
          co_window_corner_a, co_window_paths_a, co_window_paths_a,
          co_window_unsneaky_path_e, co_window_corner_cb, co_window_cross_4,
          co_window_cross_3, co_window_2corner, co_window_paths_e,
          glass_columns_b, glass_columns_b, glass_columns_a
D:3:      layout_rooms, jmf_multi_god_temple, serial_forest,
          infiniplex_forest_clump_C, infiniplex_forest_clump_double,
          infiniplex_forest_fountain, infiniplex_forest_end_3,
          infiniplex_forest_clump_diagonal, infiniplex_forest_3_way,
          infiniplex_forest_split, nicolae_elevator_lobby_asterisk
D:4:      layout_loops_corners, moated_statue, minmay_misc_feat_doors,
          nicolae_eternal_life, minmay_pentangle
D:5:      layout_basic, st_stairs_8, serial_bayou_crossing
D:6:      layout_loops_ring, mainiacjoe_overflow_alcove_4,
          minmay_temple_entry_poolview, serial_shops, shop, shop,
          nrook_pool_corridor, kennysheep_another_room, grunt_ministairs_2
D:7:      layout_cave_pools, mainiacjoe_overflow_concentric_impassable,
          hellmonk_ghost_happy_afterlife, minivault_22
D:8:      layout_layer_cave, erik_lair_orcish_takeover, enter_bailey_4,
          minmay_increasing_density, uniq_gastronok
D:9:      layout_roguey, orc_0_dummy, interstate_on_off, minmay_lizard_king
D:10:     layout_cross, uniq_joseph, uniq_fannar
D:11:     layout_basic, nicolae_two_hexagons, minmay_evil_grid
Lair:1:   layout_layer_cave, nzn_random_ring, uniq_nergalle
Orc:1:    layout_caves, serial_shops, nicolae_shop_trees, enter_volcano_4,
          portal_ice_cave_entry_ice_simulacra, minmay_shop_mass

Skill      XL: |  1  2  3  4  5  6  7  8  9 10 11 |
---------------+----------------------------------+-----
Maces & Flails | 1 2 3 4 5 7 9 11 12 | 12.0
Earth Magic    | 4 7 8 |  8.3
Transmutations | 5 |  5.5
Shields        | 2 |  2.1
Dodging        | 2 |  2.4
Stealth        | 2 |  2.0
Fighting       | 3 |  3.2
Spellcasting   | 3 |  3.4

Action                     |  1- 3 |  4- 6 |  7- 9 | 10-12 || total
---------------------------+-------+-------+-------+-------++-------
  Melee: Whip              |    41 |   151 |   390 |   407 ||   989
         Kick              |       |       |       |    69 ||    69
         Headbutt          |       |       |       |    45 ||    45
   Cast: Sandblast         |    40 |    53 |    71 |    19 ||   183
         Stone Arrow       |       |       |       |    16 ||    16
         Beastly Appendage |       |       |       |    14 ||    14
         Wereblood         |       |       |       |    10 ||    10
         Petrify           |       |       |       |     4 ||     4
         Lee's Rapid Decon |       |       |       |     2 ||     2
  Evoke: Wand              |       |       |     4 |       ||     4
         Phantom mirror    |       |       |     1 |       ||     1
    Use: Scroll            |       |     5 |     5 |     4 ||    14
         Potion            |       |     1 |     6 |     4 ||    11
   Stab: Sleeping          |     1 |     1 |       |     6 ||     8
         Invisible         |       |       |     3 |    12 ||    15
         Petrified         |       |       |       |     7 ||     7
 Armour: Robe              |     6 |     7 |    21 |    10 ||    44
         Scale mail        |       |    14 |       |       ||    14
  Dodge: Dodged            |    29 |    88 |   256 |   201 ||   574
  Block: Kite shield       |       |    39 |   100 |   116 ||   255

Table legend: (Time is in decaauts)
 A = Elapsed time spent in this place.
 B = Non-inter-level travel time spent in this place.
 C = Inter-level travel time spent in this place.
 D = Time resting spent in this place.
 E = Time spent auto-exploring this place.
 F = Levels seen in this place.
 G = Mean time per level.
                   A        B        C        D        E       F      G
               +--------+--------+--------+--------+--------+-----+--------+
         Total |   9714 |   9257 |    457 |    287 |   6171 |  14 |  693.9 |
       Dungeon |   9396 |   8941 |    455 |    263 |   6171 |  11 |  854.2 |
          Lair |      1 |      0 |      1 |      0 |      0 |   1 |    1.0 |
  Orcish Mines |     57 |     57 |      0 |      0 |      0 |   1 |   57.0 |
        Bailey |    259 |    259 |      0 |     24 |      0 |   1 |  259.0 |
               +--------+--------+--------+--------+--------+-----+--------+

Top non-repeatable levels by time:
     D:8: 1393 daAuts
     D:2: 1144 daAuts
     D:4: 1070 daAuts
     D:5: 990 daAuts
     D:3: 984 daAuts
     D:9: 923 daAuts
     D:1: 872 daAuts
     D:6: 766 daAuts
     D:7: 606 daAuts
    D:10: 531 daAuts
  Bailey: 259 daAuts
    D:11: 112 daAuts
   Orc:1: 57 daAuts
  Lair:1: 1 daAuts
